 Dungeon Crawl Stone Soup version 0.21.1-1-g345015f (webtiles) character file.

67 n0claF the Shooter (level 3, -1/30 HPs)
             Began as a Centaur Hunter on June 22, 2018.
             Slain by Crazy Yiuf
             ... wielding a +2 quarterstaff of chaos
              (7 damage)
             ... on level 2 of the Dungeon.
             The game lasted 00:03:20 (1979 turns).

n0claF the Shooter (Centaur Hunter)                 Turns: 1979, Time: 00:03:20

Health: -1/30      AC:  4    Str: 14    XL:     3   Next: 98%
Magic:  3/3        EV:  9    Int: 10    God:
Gold:   84         SH:  0    Dex: 10    Spells: 2/2 levels left

rFire    . . .     SeeInvis .   a - +1 shortbow
rCold    . . .     Gourm    .   (shield currently unavailable)
rNeg     . . .     Faith    .   c - +0 leather armour
rPois    .         Spirit   .   (no helmet)
rElec    .         Reflect  .   (no cloak)
rCorr    .         Harm     .   (no gloves)
MR       .....                  (no barding)
Stlth    +.........             (no amulet)
HPRegen  0.10/turn              (no ring)
MPRegen  0.08/turn              (no ring)

@: lethally poisoned (-1 -> -3), slowed
A: large, hooves 3, deformed body, speed 2, tough skin 3
a: no special abilities


You were on level 2 of the Dungeon.
You were hungry.

You visited 1 branch of the dungeon, and saw 2 of its levels.

You collected 84 gold pieces.

Inventory:

Hand Weapons
 a - a +1 shortbow (weapon)
 b - a +0 hunting sling
   (You found it on level 2 of the Dungeon)
Missiles
 d - 16 arrows (quivered)
 p - 64 stones
Armour
 c - a +0 leather armour (worn)
Scrolls
 g - 2 scrolls of teleportation {unknown}
 i - a scroll of amnesia {unknown}
 j - a scroll of identify {unknown}
 k - a scroll of immolation {unknown}
 l - a scroll of blinking {unknown}
 n - a scroll of remove curse {unknown}
 o - a scroll of enchant weapon {unknown}
 q - a scroll of fog {unknown}
Potions
 h - 2 potions of curing {unknown}
 m - a potion of magic {unknown}
Comestibles
 e - 5 rations {!d}
 f - 2 chunks of flesh


   Skills:
 + Level 2.6 Fighting
 + Level 5.9 Bows
 + Level 1.9 Dodging
 + Level 1.3 Stealth


You had 2 spell levels left.
You didn't know any spells.

Dungeon Overview and Level Annotations

Branches:
Dungeon (2/15)

Altars:
Sif Muna
Wu Jian

Annotations:
D:2 Crazy Yiuf


Innate Abilities, Weirdness & Mutations

You have hooves in place of feet.
Armour fits poorly on your strangely shaped body.
You cover ground very quickly.
You have extremely tough skin. (AC +3)


Message History

Some of the chunks of flesh in your inventory have rotted away.
You open the door.
There is an open door here.
a - a +1 shortbow (weapon)
You open the door.
Crazy Yiuf the Enlightened comes into view.
He is wielding a quarterstaff of chaos.
Crazy Yiuf shouts!
Found a mace.
Aim: Crazy Yiuf, wielding a quarterstaff of chaos and wearing a cloak You shoot an arrow.
The arrow barely misses Crazy Yiuf.
Crazy Yiuf screams, "Dawk!"
Aim: Crazy Yiuf, wielding a quarterstaff of chaos and wearing a cloak You shoot an arrow.
The arrow barely misses Crazy Yiuf.
Crazy Yiuf yells, "Mugger!
Mama illywillydillykilly hand."
Aim: Crazy Yiuf, wielding a quarterstaff of chaos and wearing a cloak You shoot an arrow.
The arrow barely misses Crazy Yiuf.
Crazy Yiuf hits you with a quarterstaff of chaos!
You are poisoned.
Aim: Crazy Yiuf, wielding a quarterstaff of chaos and wearing a cloak You shoot an arrow.
The arrow hits Crazy Yiuf but does no damage.
You feel sick.
Crazy Yiuf hits you with a quarterstaff of chaos!
* * * LOW HITPOINT WARNING * * *
You feel yourself slow down.
You are too injured to fight recklessly!
Unknown command.
You are too injured to fight recklessly!
Unknown command.
You are too injured to fight recklessly!
Unknown command.
You are too injured to fight recklessly!
Unknown command.
You are too injured to fight recklessly!
Unknown command.
You are too injured to fight recklessly!
Unknown command.
You are too injured to fight recklessly!
Unknown command.
You are feeling hungry.
You feel sick.
You feel sick.
You feel sick.
You feel sick.
You feel sick.
You feel sick.
You feel sick.
You feel sick.
Crazy Yiuf hits you with a quarterstaff of chaos!
You die...

#≈≈≈≈≈≈≈≈≈≈≈≈.########.######.##.
..≈≈≈≈≈≈≈≈≈≈.≈......##.........#.
#..≈≈≈≈≈≈≈≈≈.≈#####.############.
#...≈..≈≈≈≈...#####..............
#.≈...≈...≈.≈.#...##..###########
.#......#######...##..####.#
.+............'...+.......>#
.#......#######...###.####'#
...........# #.@g...## ###
...........####......#
..............#......#
.######.......#......##♣♣ #
.######.......#.........♣♣ ♣♣#..
..............####.......♣♣♣♣.(..
..............# #........♣..♣#..
..............# #.......♣.♣♣♣ #
..............# ######♣♣♣♣♣


You could see Crazy Yiuf.

Vanquished Creatures
  2 adders (D:2)
  A dart slug (D:2)
  A leopard gecko (D:1)
  6 giant cockroaches
  3 hobgoblins
  A quokka (D:2)
  9 bats
  11 frilled lizards
  3 goblins
  5 kobolds
  6 rats
48 creatures vanquished.

Notes
Turn   | Place    | Note
-------+----------+-------------------------------------------
     0 | D:1      | n0claF the Centaur Hunter began the quest for the Orb.
     0 | D:1      | Reached XP level 1. HP: 17/17 MP: 1/1
   308 | D:1      | Reached XP level 2. HP: 21/24 MP: 2/2
   658 | D:2      | Reached skill level 1 in Stealth
   658 | D:2      | Reached XP level 3. HP: 10/30 MP: 3/3
  1012 | D:2      | Found a runed door.
  1102 | D:2      | Found a faded altar of an unknown god.
  1289 | D:2      | Found an ornate altar of the Wu Jian Council.
  1451 | D:2      | Found a deep blue altar of Sif Muna.
  1962 | D:2      | Noticed Crazy Yiuf
  1979 | D:2      | Slain by Crazy Yiuf

Skill      XL: |  1  2 |
---------------+-------+-----
Stealth        | 1 |  1.3
Fighting       | |  2.6
Bows           | |  5.9
Dodging        | |  1.9

Action                   || total
-------------------------++-------
Melee: Short sword       ||   119
       Kick              ||    17
 Fire: Hunting sling     ||    34
       Shortbow          ||     4
  Eat: Chunk             ||     2
Armor: Leather armour    ||    85
Dodge: Dodged            ||    90
